 Dungeon Crawl Stone Soup version 0.24.0-28-g17ded55e90 (webtiles) character file.

Game seed: 6781051561023351657, levelgen mode: deterministic

47 Gumption the Grave Robber (level 3, -2/26 HPs)
             Began as a Demonspawn Necromancer on Nov 12, 2019.
             Slain by an adder (3 damage)
             ... on level 2 of the Dungeon.
             The game lasted 00:11:50 (2193 turns).

Gumption the Grave Robber (Demonspawn Necromancer)  Turns: 2193, Time: 00:11:50

Health: -2/26      AC:  3    Str:  8    XL:     3   Next: 48%
Magic:  0/6        EV: 12    Int: 17    God:
Gold:   135        SH:  0    Dex: 13    Spells: 4/6 levels left

rFire    . . .     SeeInvis .   a - +0 dagger
rCold    . . .     Gourm    .   (no shield)
rNeg     . . .     Faith    .   b - +0 robe
rPois    .         Spirit   .   (no helmet)
rElec    .         Reflect  .   (no cloak)
rCorr    .         Harm     .   c - +0 pair of gloves
MR       .....                  (no boots)
Stlth    ++........             (no amulet)
HPRegen  0.08/turn              (no ring)
MPRegen  0.10/turn              (no ring)

@: very slightly contaminated, invisible
A: hooves 1, powered by pain 1
a: no special abilities


You were on level 2 of the Dungeon.
You were hungry.

You visited 1 branch of the dungeon, and saw 2 of its levels.

You collected 135 gold pieces.

Inventory:

Hand Weapons
 a - a +0 dagger (weapon)
 d - a +0 spear
 p - a +0 hunting sling
Missiles
 h - 2 throwing nets
 n - 24 stones (quivered)
Armour
 b - a +0 robe (worn)
 c - a +0 pair of gloves (worn)
Scrolls
 f - a scroll of fog {unknown}
 g - a scroll of fear {unknown}
 j - a scroll of enchant armour {unknown}
 k - a scroll of teleportation
 l - a scroll of identify {unknown}
 m - a scroll of magic mapping {unknown}
 o - a scroll of immolation {unknown}
Potions
 i - a potion of mutation {unknown}
Comestibles
 e - 5 rations
 q - a chunk of flesh


   Skills:
 + Level 1.3 Fighting
 - Level 1.7 Dodging
 - Level 1.7 Stealth
 + Level 2.4 Spellcasting
 * Level 5.2 Necromancy


You had 4 spell levels left.
You knew the following spells:

 Your Spells              Type           Power        Failure   Level  Hunger
a - Pain                  Necr           ###.         2%          1    #......
b - Animate Skeleton      Necr           N/A          2%          1    #......

Your spell library contained the following spells:

 Spells                   Type           Power        Failure   Level  Hunger
 Vampiric Draining        Necr           ###.......   7%          3    ###....
 Regeneration             Chrm/Necr      ##........   19%         3    ###....
 Animate Dead             Necr           N/A          22%         4    #####..


Dungeon Overview and Level Annotations

Branches:
Dungeon (2/15)

Altars:
Uskayaw


Innate Abilities, Weirdness & Mutations

You have large cloven feet.
You sometimes gain a little power by taking damage.


Message History

Aim: an adder (heavily wounded, hasn't noticed you, chance to defeat MR: 84%)
The adder barely resists.
The adder barely misses you. The adder closely misses you.
The adder barely misses you.
You see here 2 throwing nets.
You see here 2 throwing nets.
h - 2 throwing nets You hit the adder.
The adder is severely wounded.
The adder misses you.
You completely miss the adder. Your kick misses the adder.
The adder is severely wounded.
The adder completely misses you. The adder bites you but does no damage.
Casting: Pain (safe; 2% risk of failure)
Confirm with . or Enter, or press ? or * to list all spells.
Aiming: Pain (safe; 2% risk of failure)
Press: ? - help, Shift-Dir - straight line, f/p - adder
Aim: an adder (severely wounded, chance to defeat MR: 84%)
The adder writhes in agony.
The adder bites you.
You die...

#........## #.#
#....[....# #.#
#.......#..# #.##
############'###..# #..#
#............# #..# ##.#
##.########### #.[# #.# ♣
#.# ##### #..## #.## ♣.
#.# ###...######..####..#
. #.#
#.......@.....<.###.# #.#
####.####..S.#####.....##
#.# #....#..#....#
####...#### #.#
#.#..#..#._.## ###..(..
#.# #.#..#((#...# ######
#.# #.##.####...# #.#
#.##.......## #.#
#.########## #.###.#


You could see 2 dancing weapons and an adder.

Vanquished Creatures
  An adder (D:2)
  An ooze (D:2)
  A worm (D:2)
  A dart slug (D:2)
  A leopard gecko (D:2)
  A ball python (D:2)
  A bat (D:1)
  7 giant cockroaches
  3 goblins (D:1)
  2 hobgoblins
  2 frilled lizards (D:1)
  6 kobolds
27 creatures vanquished.

Vanquished Creatures (collateral kills)
  A hobgoblin (D:2)
  A bat (D:2)
2 creatures vanquished.

Grand Total: 29 creatures vanquished

Notes
Turn   | Place    | Note
-------+----------+-------------------------------------------
     0 | D:1      | Gumption the Demonspawn Necromancer began the quest for the
                  | Orb.
     0 | D:1      | Reached XP level 1. HP: 13/13 MP: 3/3
     3 | D:1      | Learned a level 1 spell: Animate Skeleton
   584 | D:1      | Gained mutation: You sometimes gain a little power by
                  | taking damage. [demonic ancestry]
   584 | D:1      | Reached XP level 2. HP: 20/20 MP: 1/5
  1105 | D:2      | Reached skill level 1 in Fighting
  1321 | D:2      | Reached skill level 5 in Necromancy
  1374 | D:2      | Gained mutation: You have large cloven feet. [demonic
                  | ancestry]
  1374 | D:2      | Reached XP level 3. HP: 23/26 MP: 1/6
  2155 | D:2      | Noticed a +0 hand axe
  2156 | D:2      | Noticed a +0 dagger
  2158 | D:2      | Found a hide-covered altar of Uskayaw.
  2177 | D:2      | HP: 1/26 [adder (5)]
  2193 | D:2      | Slain by an adder

Levels and vault maps discovered:
D:1:      ebering_hopf_link, layout_rooms
D:2:      kb_forest_paths, layout_basic, dancing_weapons_uskayaw,
          minmay_worlds_worst_comb

Skill      XL: |  1  2 |
---------------+-------+-----
Fighting       | 1 |  1.3
Necromancy     | 5 |  5.2
Dodging        | |  1.7
Stealth        | |  1.7
Spellcasting   | |  2.4

Action                   || total
-------------------------++-------
Melee: Dagger            ||    17
       Kick              ||     1
 Cast: Pain              ||    60
       Animate Skeleton  ||    10
  Use: Scroll            ||     1
       Potion            ||     1
 Stab: Sleeping          ||     2
  Eat: Chunk             ||     4
Armor: Robe              ||     9
Dodge: Dodged            ||    23
